 Dungeon Crawl Stone Soup version 0.31.0-7-gf635a9b802 (webtiles) character file.

Game seed: 7783645527201422069

5366 ProzacElf the Grappler (level 10, -4/58 (70) HPs)
             Began as a Naga Shapeshifter on Jan 23, 2024.
             Was a Priest of Nemelex Xobeh.
             Slain by a wight
             ... wielding a +2 trident
              (6 damage)
             ... on level 9 of the Dungeon.
             The game lasted 00:18:48 (8866 turns).

ProzacElf the Grappler (Naga Shapeshifter)          Turns: 8866, Time: 00:18:49

HP:   -4/58 (70)    AC: 11    Str: 16    XL:     10   Next: 65%
MP:   15/15         EV: 15    Int: 15    God:    Nemelex Xobeh [***...]
Gold: 612           SH:  5    Dex: 14    Spells: 9/9 levels left

rFire   . .          .
                       - Unarmed
rCold   . . .        (shield currently unavailable)
rNeg    . . .        t - melded +3 leather armour {rC+}
rPois   +            X - +2 hat
rElec   .            c - +0 cloak
rCorr   .            T - +0 pair of gloves of Rationality {Int+3}
SInv    +            (no barding)
Will    ++...        m - amulet of reflection
Stlth   +            P - +4 ring of protection {=R}
HPRegen 0.29/turn    S - ring of willpower
MPRegen 0.14/turn

%: reflection
@: flux-form, glowing, heavily drained, very slow
A: glow, contaminating, reduced hp, AC +3, large, see invisible, deformed body,
poison resistance, slowness 2, spit poison 1, naga tail 1
a: Spit Poison, Begin Untransformation, Renounce Religion, Draw Escape, Draw
Destruction, Draw Summoning, Triple Draw


You were on level 9 of the Dungeon.
You worshipped Nemelex Xobeh.
Nemelex Xobeh was most pleased with you.
You were something dangerously unstable.
You visited 2 branches of the dungeon, and saw 10 of its levels.

You collected 612 gold pieces.

Inventory:

Hand Weapons
 b - the +3 sling of Misery {drain, +Blink}
   (You found it on level 5 of the Dungeon)

   +Blink:    It lets you blink.
 n - the +10 zealot's sword {holy, Zealotry, *Rage rN+ EV+3}
   (You found it on level 8 of the Dungeon)

   Zealotry:  Whenever the wielder enters a berserk rage, their allies are
   berserked alongside them.
   EV+3:      It affects your evasion (+3).
   rN+:       It protects you from negative energy.
   *Rage:     It berserks you when you make melee attacks (+20% chance).
 o - a +1 bardiche
 J - a +3 heavy war axe
 O - a +1 whip of electrocution
Missiles
 i - 9 atropa-tipped darts (quivered)
 s - 3 javelins
 D - 11 poisoned darts
 H - a throwing net
Armour
 c - a +0 cloak (worn)
 t - a +3 leather armour of cold resistance (melded)
 v - the +0 ring mail of Boredom {rC- rCorr Int+7}
   (You found it on level 3 of the Dungeon)

   Int+7:     It affects your intelligence (+7).
   rC-:       It makes you vulnerable to cold.
   rCorr:     It protects you from acid and corrosion.
 C - an orb of mayhem
 F - a +2 plate armour of fire resistance
 I - a +1 kite shield
 T - the +0 pair of gloves of Rationality (worn) {Int+3}
   (You found it on level 7 of the Dungeon)

   Int+3:     It affects your intelligence (+3).
 X - a +2 hat (worn)
Magical Staves
 r - a staff of cold
Jewellery
 m - an amulet of reflection (around neck)
 M - a ring of ice
 P - a +4 ring of protection (left hand) {=R}
 S - a ring of willpower (right hand)
Talismans
 a - a beast talisman
 d - a flux talisman (active)
 W - a maw talisman
Wands
 l - a wand of roots (10)
 y - a wand of paralysis (3)
 N - a wand of flame (7)
Scrolls
 g - 2 scrolls of enchant armour
 h - 2 scrolls of poison
 j - a scroll of fear
 p - a scroll of fog
 q - 2 scrolls of teleportation
 w - a scroll of immolation
 x - a scroll of vulnerability
 z - a scroll of blinking
 K - a scroll of amnesia
Potions
 e - 2 potions of haste
 k - 2 potions of cancellation
 u - 5 potions of attraction
 A - a potion of might
 B - 2 potions of invisibility
 E - a potion of resistance
 G - a potion of enlightenment
 L - 2 potions of lignification
 R - 2 potions of brilliance
 V - a potion of curing


   Skills:
 - Level 5.0 Fighting
 - Level 5.0 Dodging
 - Level 10.0 Unarmed Combat
 + Level 7.9 Invocations
 + Level 4.5 Evocations
 - Level 5.0 Shapeshifting


You had 9 spell levels left.
You didn't know any spells.
Your spell library contained the following spells:

 Spells                   Type           Power      Damage    Failure   Level
 Cigotuvi's Dreadful Rot  Necr/Alch/Air  0%         N/A       38%         2
 Ensorcelled Hibernation  Hex/Ice        0%         N/A       38%         2
 Sublimation of Blood     Necr           0%         N/A       38%         2
 Inner Flame              Hex/Fire       0%         N/A       63%         3
 Passwall                 Erth           0%         N/A       63%         3
 Swiftness                Air            0%         N/A       63%         3
 Dispel Undead            Necr           0%         3d6       95%         4
 Flame Wave               Conj/Fire      0%         2d4       95%         4
 Martyr's Knell           Necr/Summ      0%         N/A       95%         4
 Petrify                  Alch/Erth      0%         N/A       95%         4
 Sticky Flame             Fire/Alch      0%         2d4       95%         4
 Irradiate                Conj/Alch      0%         3d11      100%        5
 Death Channel            Necr           0%         N/A       100%        6


Dungeon Overview and Level Annotations

Branches:
Dungeon (9/15)             Temple (1/1) D:6
   Lair: D:8-11         Orc: D:9-12

Altars:
Cheibriados
Dithmenos
Elyvilon
Hepliaklqana
Makhleb
Nemelex Xobeh
Okawaru
Ru
Sif Muna
Trog
Uskayaw
Vehumet
Xom

Shops:
D:4 =   D:7 (

Portals:
Bailey: D:9


Innate Abilities, Weirdness & Mutations

You are something dangerously unstable.
You glow with magical radiation, making you easy to see and hit.
Foes you strike become dangerously contaminated with magical radiation.
Your maximum health is decreased, since you lack skill for your form.
You are incapable of wielding weapons or throwing items.
Your serpentine skin is tough. (AC +3)
You have supernaturally acute eyesight. (SInv)
Armour fits poorly on your strangely shaped body.
Your system is resistant to poisons. (rPois)
You cover ground very slowly.
You can spit poison.
You have a snake-like lower body.


Message History

Tha wight be lightly damaged.
Tha wight completely misses ye.
Tha goblin hits ye but does nay damage.
Tha wight hits ye but does nay damage.
Ye hit tha wight.
Tha wight begins ta glow.
Tha wight be lightly damaged.
Tha wight hits ye from afar wit' a +2 trident.
* * * LOW HITPOINT WARNIN'
* * * Ye feel drain'd.
Tha goblin barely misses ye.
Tha wight completely misses ye.
Ye take 5 damage, an' haf 7/58 hp.
Ye hit tha wight.
Tha wight glows dangerously bright.
Tha wight be moderately damaged.
Ye block tha wight's attack.
Tha goblin hits ye but does nay damage.
Tha wight barely misses ye.
Ye hit tha wight but do nay damage.
Tha wight shudders as magic cascades through it!
Ye destroy tha wight!
Tha wight barely misses ye.
Ye hit tha wight.
Tha wight begins ta glow.
Tha wight be lightly damaged.
Tha goblin hits ye from afar wit' a +0 spear.
* * * LOW HITPOINT WARNIN'
* * * Ye block tha wight's attack.
Ye barely miss tha wight.
Tha wight be lightly damaged.
Tha wight hits ye wit' a +0 scimitar.
* * * LOW HITPOINT WARNIN'
* * * Ye feel drain'd.
* * * LOW HITPOINT WARNIN'
* * * Ye block tha goblin's attack.
Ye take 5 damage, an' haf 2/58 hp.
Ye hit tha wight.
Tha wight glows dangerously bright.
Tha wight be heavily damaged.
Tha wight hits ye but does nay damage.
Tha wight closely misses ye.
Tha goblin closely misses ye.
Ye hit tha wight but do nay damage.
Tha wight shudders as magic cascades through it!
Ye destroy tha wight!
Tha wight hits ye from afar wit' a +2 trident.
Ye die...
Yer body disappears without additional glow.

##.# #.# #.#
#.# #.# #.#
#.##
#####..##
#.p)....#
#.≈≈≈≈≈.#
#..≈zg.≈...#
#..≈g∩.≈.#.#
#..≈...≈.#.#
#..≈≈~≈≈....
#...........#
#...........


You could see a wight and 2 goblins.

Vanquished Creatures
  A two-headed ogre (D:8)
  Pikel (D:5)
  A hornet (D:7)
  A slime creature (D:7)
  2 wyverns
  Eustachio (D:6)
  A steam dragon (D:8)
  4 water moccasins
  2 orc warriors (D:7)
  A sky beast (D:7)
  A black bear (D:7)
  4 ice beasts (D:7)
  An ogre (D:4)
  3 phantoms
  3 lemures (D:5)
  A kobold brigand (D:8)
  Blork the orc (D:6)
  3 bullfrogs
  3 scorpions
  11 wights
  2 howler monkeys
  4 bombardier beetles
  2 jellies (D:8)
  An orc priest (D:7)
  4 hounds
  2 iguanas
  8 orc wizards
  4 adders
  A shadow imp (D:8)
  3 white imps
  3 ufetubi
  2 dart slugs
  5 ribbon worms
  36 orcs
  4 ball pythons
  13 endoplasms
  7 giant cockroaches
  11 goblins
  A hobgoblin (D:3)
  3 quokkas
  3 bats (D:1)
  3 frilled lizards
  10 kobolds
  3 rats
181 creatures vanquished.

Vanquished Creatures (others)
  2 orcs (D:6)
2 creatures vanquished.

Grand Total: 183 creatures vanquished

Notes
Turn   | Place    | Note
-------+----------+-------------------------------------------
     0 | D:1      | ProzacElf the Naga Shapeshifter began the quest for the
                  | Orb.
     0 | D:1      | Reached XP level 1. HP: 18/18 MP: 1/1
   120 | D:1      | Reached XP level 2. HP: 22/25 MP: 2/2
   772 | D:2      | Reached XP level 3. HP: 31/31 MP: 3/3
  1269 | D:3      | Reached XP level 4. HP: 26/38 MP: 4/4
  1388 | D:3      | Identified the +0 ring mail of Boredom {rC- rCorr Int+7}
  2209 | D:4      | Reached skill level 4 in Unarmed Combat
  2209 | D:4      | Reached XP level 5. HP: 38/44 MP: 5/5
  2245 | D:4      | Found Aptesuso's Jewellery Shoppe.
  2297 | D:4      | Noticed an ogre
  2303 | D:4      | Killed an ogre
  2392 | D:4      | Noticed a phantom
  2407 | D:4      | Killed a phantom
  2408 | D:4      | Reached XP level 6. HP: 37/51 MP: 6/6
  2724 | D:4      | Found a sparkling altar of Nemelex Xobeh.
  2809 | D:4      | Became a worshipper of Nemelex Xobeh the Trickster
  3372 | D:5      | Entered Level 5 of the Dungeon
  3471 | D:5      | You fall into a shaft and drop 2 floors!
  3501 | D:6      | Noticed Eustachio
  3522 | D:6      | Killed Eustachio
  3523 | D:6      | Reached skill level 5 in Unarmed Combat
  3523 | D:6      | Reached XP level 7. HP: 45/57 MP: 7/7
  3586 | D:5      | Reached * piety under Nemelex Xobeh
  3611 | D:5      | Reached skill level 5 in Shapeshifting
  3681 | D:5      | Found a hazy altar of Hepliaklqana.
  4249 | D:5      | Reached skill level 6 in Unarmed Combat
  4361 | D:5      | Identified the +3 sling of Misery {drain, +Blink}
  4406 | D:6      | Received a gift from Nemelex Xobeh
  4429 | D:6      | Reached XP level 8. HP: 56/64 MP: 8/8
  4538 | D:6      | Reached skill level 5 in Dodging
  4547 | D:6      | Reached skill level 7 in Unarmed Combat
  4584 | D:6      | Noticed Blork the orc
  4600 | D:6      | Killed Blork the orc
  4762 | D:6      | Noticed Pikel
  5007 | D:5      | Killed Pikel
  5008 | D:5      | Reached skill level 9 in Unarmed Combat
  5008 | D:5      | Reached XP level 9. HP: 33/70 MP: 9/9
  5251 | D:6      | Found a staircase to the Ecumenical Temple.
  5260 | Temple   | Entered the Ecumenical Temple
  5575 | D:7      | Found Soerifaf's Weapon Boutique.
  5616 | D:7      | Received a gift from Nemelex Xobeh
  5737 | D:7      | Reached skill level 10 in Unarmed Combat
  5880 | D:7      | Reached skill level 1 in Invocations
  5971 | D:7      | Identified the +0 pair of gloves of Rationality {Int+3}
  5977 | D:7      | Noticed a hornet
  5998 | D:7      | Killed a hornet
  6217 | D:7      | Reached skill level 5 in Fighting
  6217 | D:7      | Reached skill level 5 in Invocations
  6217 | D:7      | Reached XP level 10. HP: 70/88 MP: 13/13
  6310 | D:7      | Reached skill level 1 in Evocations
  6381 | D:7      | Reached ** piety under Nemelex Xobeh
  6741 | D:7      | Received a gift from Nemelex Xobeh
  6840 | D:7      | Found a burning altar of Makhleb.
  7743 | D:8      | Noticed a two-headed ogre
  7759 | D:8      | Killed a two-headed ogre
  7976 | D:8      | Received a gift from Nemelex Xobeh
  8063 | D:8      | Found the +10 zealot's sword {holy, Zealotry, *Rage rN+
                  | EV+3}
  8692 | D:8      | Reached *** piety under Nemelex Xobeh
  8825 | D:9      | Found a flagged portal.
  8826 | D:9      | Received a gift from Nemelex Xobeh
  8848 | D:9      | HP: 2/63 [wight/+0 mace (5)]
  8864 | D:9      | HP: 2/58 [wight/+0 scimitar (1)]
  8866 | D:9      | Slain by a wight

Illustrated notes

Levels and vault maps discovered:
D:1:      minmay_arrival_checkered_box, layout_rooms, minivault_14,
          minmay_statues_item, serial_park_tiny_pond
D:2:      layout_rooms
D:3:      layout_basic, serial_forest, infiniplex_forest_lined_4_way,
          infiniplex_forest_end_1, infiniplex_forest_straight_3,
          infiniplex_forest_clump_small, infiniplex_forest_side_room,
          infiniplex_forest_clump_long, infiniplex_forest_pool
D:4:      layout_loops_corners, mainiacjoe_overflow_alcove_2, serial_shops,
          shop, minmay_bent
D:5:      layout_rooms, lemuel_doored_altar, fountainhead
D:6:      layout_rooms, lemuel_temple_firewalk_b, uniq_pikel,
          uniq_blork_the_orc, uniq_eustachio
D:7:      minmay_the_grid_square_5x5_3x3 [minmay_the_grid_square_5x5_v,
          minmay_the_grid_square_5x5_minivault, minmay_the_grid_square_5x5_bite,
          minmay_the_grid_square_5x5_three_walls,
          minmay_the_grid_square_5x5_megaprize_hollow,
          minmay_the_grid_square_5x5_mess, minmay_the_grid_square_5x5_three,
          minmay_the_grid_square_5x5_inner_z,
          minmay_the_grid_square_5x5_checkered_statues], layout_layer_cave,
          lemuel_tele_altar, serial_shops, nicolae_shop_stone
D:8:      layout_basic, kennysheep_generic_room_3
D:9:      layout_roguey [special_room_orc], grunt_qazlal_sundering,
          enter_bailey_5, uniq_erolcha
Temple:   cyrus_temple_forest

Skill      XL: |  1  2  3  4  5  6  7  8  9 10 |
---------------+-------------------------------+-----
Dodging        | 2 3 4 5 |  5.0
Unarmed Combat | 4 5 6 9 10 | 10.0
Shapeshifting  | 4 5 |  5.0
Invocations    | 5 7 |  7.9
Fighting       | 5 |  5.0
Evocations     | 4 |  4.5

Action                     |  1- 3 |  4- 6 |  7- 9 | 10-12 || total
---------------------------+-------+-------+-------+-------++-------
  Melee: Unarmed           |    83 |   163 |   308 |   183 ||   737
         Punch             |     3 |     5 |    14 |     5 ||    27
   Fire: Sling             |       |       |     5 |       ||     5
  Throw: Dart              |       |       |       |     1 ||     1
 Invoke: Draw Escape       |       |       |       |     1 ||     1
Ability: Spit Poison       |       |     3 |     6 |       ||     9
  Evoke: Wand              |       |       |     1 |       ||     1
    Use: Scroll            |       |       |     7 |    13 ||    20
         Potion            |       |       |     6 |     1 ||     7
   Stab: Paralysed         |       |       |     3 |       ||     3
 Armour: Animal skin       |    23 |       |       |       ||    23
         Ring mail         |    31 |       |       |       ||    31
         Leather armour    |    19 |   111 |   293 |   114 ||   537
         Skin              |       |       |       |    72 ||    72
  Dodge: Dodged            |    35 |    87 |   223 |   159 ||   504
  Block: Other             |       |       |     2 |    52 ||    54
         Reflection        |       |       |       |     1 ||     1
         Form:             |       |       |       |     2 ||     2
         Beast             |       |       |       |     1 ||     1
         Maw               |       |       |       |     1 ||     1
         Flux              |       |       |       |     1 ||     1

Action                     |  1- 3 |  4- 6 |  7- 9 | 10-12 || total
---------------------------+-------+-------+-------+-------++-------
  Melee: Unarmed           |    83 |   163 |   308 |   183 ||   737
         Punch             |     3 |     5 |    14 |     5 ||    27
   Fire: Sling             |       |       |     5 |       ||     5
  Throw: Dart              |       |       |       |     1 ||     1
 Invoke: Draw Escape       |       |       |       |     1 ||     1
Ability: Spit Poison       |       |     3 |     6 |       ||     9
  Evoke: Wand              |       |       |     1 |       ||     1
    Use: Scroll            |       |       |     7 |    13 ||    20
         Potion            |       |       |     6 |     1 ||     7
   Stab: Paralysed         |       |       |     3 |       ||     3
 Armour: Animal skin       |    23 |       |       |       ||    23
         Ring mail         |    31 |       |       |       ||    31
         Leather armour    |    19 |   111 |   293 |   114 ||   537
         Skin              |       |       |       |    72 ||    72
  Dodge: Dodged            |    35 |    87 |   223 |   159 ||   504
  Block: Other             |       |       |     2 |    52 ||    54
         Reflection        |       |       |       |     1 ||     1
         Form:             |       |       |       |     2 ||     2
         Beast             |       |       |       |     1 ||     1
         Maw               |       |       |       |     1 ||     1
         Flux              |       |       |       |     1 ||     1

Levels and vault maps discovered:
D:1:      minmay_arrival_checkered_box, layout_rooms, minivault_14,
          minmay_statues_item, serial_park_tiny_pond
D:2:      layout_rooms
D:3:      layout_basic, serial_forest, infiniplex_forest_lined_4_way,
          infiniplex_forest_end_1, infiniplex_forest_straight_3,
          infiniplex_forest_clump_small, infiniplex_forest_side_room,
          infiniplex_forest_clump_long, infiniplex_forest_pool
D:4:      layout_loops_corners, mainiacjoe_overflow_alcove_2, serial_shops,
          shop, minmay_bent
D:5:      layout_rooms, lemuel_doored_altar, fountainhead
D:6:      layout_rooms, lemuel_temple_firewalk_b, uniq_pikel,
          uniq_blork_the_orc, uniq_eustachio
D:7:      minmay_the_grid_square_5x5_3x3 [minmay_the_grid_square_5x5_v,
          minmay_the_grid_square_5x5_minivault, minmay_the_grid_square_5x5_bite,
          minmay_the_grid_square_5x5_three_walls,
          minmay_the_grid_square_5x5_megaprize_hollow,
          minmay_the_grid_square_5x5_mess, minmay_the_grid_square_5x5_three,
          minmay_the_grid_square_5x5_inner_z,
          minmay_the_grid_square_5x5_checkered_statues], layout_layer_cave,
          lemuel_tele_altar, serial_shops, nicolae_shop_stone
D:8:      layout_basic, kennysheep_generic_room_3
D:9:      layout_roguey [special_room_orc], grunt_qazlal_sundering,
          enter_bailey_5, uniq_erolcha
Temple:   cyrus_temple_forest
